 Dungeon Crawl Stone Soup version 0.29.0-4-gdea44cf6ec (webtiles) character file.

Game seed: 309046631836020743

72 qw the Chopper (level 4, -2/26 HPs)
             Began as a Tengu Warper on Aug 28, 2022.
             Slain by a hobgoblin (3 damage)
             ... on level 2 of the Dungeon.
             The game lasted 00:00:08 (2010 turns).

qw the Chopper (Tengu Warper)                       Turns: 2010, Time: 00:00:08

Health: -2/26      AC:  3    Str: 14    XL:     4   Next: 25%
Magic:  8/8        EV: 12    Int: 13    God:
Gold:   54         SH:  0    Dex: 13    Spells: 7/7 levels left

rFire   . . .      SeeInvis .   Y - +0 war axe
rCold   . . .      Faith    .   (no shield)
rNeg    . . .      Spirit   .   b - +0 leather armour
rPois   .          Reflect  .   (helmet restricted)
rElec   .          Harm     .   (no cloak)
rCorr   .          Rampage  .   (no gloves)
Will    .....                   (boots unavailable)
Stlth   +.........              (no amulet)
HPRegen 0.08/turn               (no ring)
MPRegen 0.11/turn               (no ring)

@: no status effects
A: beak, talons 3
a: no special abilities


You were on level 2 of the Dungeon.
You visited 1 branch of the dungeon, and saw 2 of its levels.

You collected 54 gold pieces.


Innate Abilities, Weirdness & Mutations

You have a beak for a mouth.
You have claws for feet.


   Skills:
 - Level 2.0 Fighting
 + Level 4.8 Axes
 - Level 1.0 Throwing
 - Level 1.1 Armour
 - Level 2.1 Dodging
 - Level 2.0 Spellcasting
 - Level 2.4 Translocations


You had 7 spell levels left.
You didn't know any spells.
Your spell library contained the following spells:

 Spells                   Type           Power      Damage    Failure   Level
 Blink                    Tloc           14%        N/A       19%         2
 Gell's Gravitas          Tloc           7%         N/A       34%         3
 Lesser Beckoning         Tloc           7%         N/A       34%         3
 Teleport Other           Tloc           7%         N/A       34%         3
 Manifold Assault         Tloc           7%         N/A       97%         5

Inventory:

Hand Weapons
 f - a +0 flail
 Y - a +0 war axe (weapon)
Armour
 b - a +0 leather armour (worn)
 e - a +0 ring mail
Scrolls
 c - a scroll of teleportation {unknown}
 g - a scroll of identify
 h - a scroll of fog {unknown}
Potions
 d - a potion of curing {unknown}

Dungeon Overview and Level Annotations

Branches:
Dungeon (2/15)

Altars:

Shops:
D:1 !


Message History

You now have enough gold to buy a potion of might on D:1.
You can access your shopping list by pressing '$'.
You now have 54 gold pieces (gained 10).
There is a shaft here.
You open the door.
There is an open door here.
Found a stone.
You see here a stone.
f - a +0 flail
h - a scroll labelled VEMIEGR KUUTY
1996 ||| DROPPING +0 club.
You drop a +0 club.
There is an open door here.
A hobgoblin comes into view. It is carrying a wand of flame (4).
The hobgoblin moves out of view.
The hobgoblin shouts!
A kobold comes into view. It is wielding a +0 short sword.
An orc comes into view. It is wielding a +0 flail.
A hobgoblin comes into view.
The orc shouts!
The hobgoblin shouts!
The kobold shouts!
You hear an angry hiss.
The orc hits you with a +0 flail.
You barely miss the orc. You claw the orc. You peck the orc, but do no damage.
The orc is moderately wounded.
The orc hits you with a +0 flail!
An adder comes into view.
You slash the orc!
You kill the orc!
You hit the hobgoblin. The hobgoblin hits you.
The hobgoblin zaps a wand.
The puff of flame hits you!
You barely miss the hobgoblin.
The hobgoblin is lightly wounded.
You closely miss the kobold.
The kobold hits you with a +0 short sword.
A frilled lizard comes into view.
The hobgoblin barely misses you.
The frilled lizard hisses angrily.
You hit the hobgoblin but do no damage.
The hobgoblin is lightly wounded.
You closely miss the kobold. The kobold hits you but does no damage.
The hobgoblin hits you.
You die...

.......
......l
.......
..... ....
#.###gS##
.....oKg##
#@.# ##.#
#.# #.#
#####'#####
#.........#
#.........#
#.........#
#.........#


You could see an adder, an orc, 2 hobgoblins, a kobold and a frilled lizard.

Vanquished Creatures
  An orc priest (D:2)
  A worm (D:2)
  A dart slug (D:1)
  2 orcs (D:2)
  2 bats
  4 endoplasms (D:1)
  5 giant cockroaches
  3 goblins (D:1)
  3 hobgoblins
  2 quokkas
  A ball python (D:1)
  5 frilled lizards
  3 kobolds
  A rat (D:1)
34 creatures vanquished.

Vanquished Creatures (others)
  4 plants (D:1)
4 creatures vanquished.

Grand Total: 38 creatures vanquished

Notes
Turn   | Place    | Note
-------+----------+-------------------------------------------
     0 | D:1      | qw the Tengu Warper began the quest for the Orb.
     0 | D:1      | Reached XP level 1. HP: 12/12 MP: 4/4
     0 | D:1      | 0 ||| qw: Version: 0.1-a-89-g26bdef1
     0 | D:1      | 0 ||| qw: Game counter: 889
     0 | D:1      | 0 ||| qw: Always use a shield: true
     0 | D:1      | 0 ||| qw: God list: Okawaru
     0 | D:1      | 0 ||| qw: Allow faded altars: false
     0 | D:1      | 0 ||| qw: Do Orc after D:15 true
     0 | D:1      | 0 ||| qw: Do second Lair branch before Depths: true
     0 | D:1      | 0 ||| qw: Lair rune preference: random
     0 | D:1      | 0 ||| qw: Plans: Normal
     0 | D:1      | 0 ||| PLANNING D:1-11
    20 | D:1      | 20 ||| Stepping ~*~*~tactically~*~*~ (hiding).
   122 | D:1      | 122 ||| Stepping ~*~*~tactically~*~*~ (hiding).
   224 | D:1      | 224 ||| Stepping ~*~*~tactically~*~*~ (hiding).
   326 | D:1      | 326 ||| Stepping ~*~*~tactically~*~*~ (hiding).
   428 | D:1      | 428 ||| Stepping ~*~*~tactically~*~*~ (hiding).
   622 | D:1      | Reached XP level 2. HP: 17/17 MP: 6/6
   624 | D:1      | Reached skill level 3 in Axes
   629 | D:1      | 629 ||| SWAPPING to +0 war axe.
   630 | D:1      | 630 ||| DROPPING +0 hand axe.
   785 | D:1      | 785 ||| Stepping ~*~*~tactically~*~*~ (stealth).
   789 | D:1      | 789 ||| Stepping ~*~*~tactically~*~*~ (stealth).
   790 | D:1      | 790 ||| Stepping ~*~*~tactically~*~*~ (stealth).
   818 | D:1      | 818 ||| Stepping ~*~*~tactically~*~*~ (stealth).
   939 | D:1      | Found a faded altar of an unknown god.
   955 | D:1      | Found Buokhluk's Distillery.
   964 | D:1      | 964 ||| SHOPLISTING potion of curing (36 gold, have 23).
   964 | D:1      | 964 ||| SHOPLISTING potion of might (48 gold, have 23).
   964 | D:1      | 964 ||| SHOPLISTING potion of mutation (96 gold, have 23).
   964 | D:1      | 964 ||| SHOPLISTING potion of resistance (120 gold, have
                  | 23).
  1220 | D:1      | Reached XP level 3. HP: 18/21 MP: 7/7
  1379 | D:1      | 1379 ||| READING 2 scrolls labelled UMOURR VIJUJEI.
  1380 | D:1      | 1380 ||| DRINKING 2 sedimented inky potions.
  1401 | D:1      | 1401 ||| DROPPING scroll of blinking.
  1402 | D:1      | 1402 ||| DROPPING potion of lignification.
  1484 | D:2      | 1484 ||| Stepping ~*~*~tactically~*~*~ (hiding).
  1486 | D:2      | 1486 ||| Stepping ~*~*~tactically~*~*~ (hiding).
  1493 | D:2      | HP: 4/21 [orc priest/divine providence (11)]
  1495 | D:2      | Reached skill level 4 in Axes
  1499 | D:2      | 1499 ||| FLEEEEING.
  1500 | D:2      | 1500 ||| FLEEEEING.
  1501 | D:2      | 1501 ||| FLEEEEING.
  1502 | D:2      | 1502 ||| FLEEEEING.
  1503 | D:2      | 1503 ||| FLEEEEING.
  1504 | D:2      | 1504 ||| FLEEEEING.
  1505 | D:2      | 1505 ||| FLEEEEING.
  1506 | D:2      | 1506 ||| FLEEEEING.
  1507 | D:2      | 1507 ||| FLEEEEING.
  1508 | D:2      | 1508 ||| FLEEEEING.
  1509 | D:2      | 1509 ||| FLEEEEING.
  1510 | D:2      | 1510 ||| FLEEEEING.
  1511 | D:2      | 1511 ||| FLEEEEING.
  1512 | D:2      | 1512 ||| FLEEEEING.
  1513 | D:2      | 1513 ||| FLEEEEING.
  1514 | D:2      | 1514 ||| FLEEEEING.
  1515 | D:2      | 1515 ||| FLEEEEING.
  1516 | D:2      | 1516 ||| FLEEEEING.
  1517 | D:2      | 1517 ||| FLEEEEING.
  1518 | D:2      | 1518 ||| FLEEEEING.
  1519 | D:2      | 1519 ||| STAIRDANCE
  1738 | D:2      | Reached XP level 4. HP: 26/26 MP: 8/8
  1814 | D:2      | 1814 ||| Stepping ~*~*~tactically~*~*~ (stealth).
  1816 | D:2      | 1816 ||| Stepping ~*~*~tactically~*~*~ (stealth).
  1821 | D:2      | 1821 ||| Stepping ~*~*~tactically~*~*~ (stealth).
  1829 | D:2      | 1829 ||| Stepping ~*~*~tactically~*~*~ (stealth).
  1835 | D:2      | 1835 ||| Stepping ~*~*~tactically~*~*~ (stealth).
  1996 | D:2      | 1996 ||| DROPPING +0 club.
  2008 | D:2      | HP: 4/26 [hobgoblin/puff of flame (8)]
  2009 | D:2      | HP: 1/26 [kobold/+0 short sword (3)]
  2010 | D:2      | Slain by a hobgoblin

Levels and vault maps discovered:
D:1:      lemuel_arrival_room, layout_basic, chequers_ecumenical_altar_lobes,
          serial_shops, nicolae_lakefront_shop, minmay_close_crescents
D:2:      layout_basic, grunt_ministairs_2, nrook_uturn

Skill      XL: |  1  2  3 |
---------------+----------+-----
Axes           | 3 4 |  4.8
Fighting       | |  2.0
Throwing       | |  1.0
Armour         | |  1.1
Dodging        | |  2.1
Spellcasting   | |  2.0
Translocations | |  2.4

Action                   |  1- 3 |  4- 6 || total
-------------------------+-------+-------++-------
Melee: Hand axe          |     5 |       ||     5
       Peck              |     8 |     2 ||    10
       Kick              |    13 |     6 ||    19
       War axe           |    38 |    20 ||    58
       Punch             |       |     1 ||     1
Throw: Boomerang         |     7 |       ||     7
  Use: Scroll            |     1 |       ||     1
       Potion            |     1 |       ||     1
Armor: Leather armour    |    11 |     4 ||    15
Dodge: Dodged            |    21 |     5 ||    26

Table legend:
 A = Non-vault XP
 B = Vault XP
 C = Vault XP percentage of total XP
 D = Non-vault monster count
 E = Vault monster count
 F = Vault count percentage of total count
                 A         B        C        D         E       F
            +---------+---------+-------+---------+---------+-------
      Total |      96 |       7 |   6.8 |      30 |       4 |  11.8
            +---------+---------+-------+---------+---------+-------
        D:1 |      31 |       7 |  18.4 |      17 |       4 |  19.0
        D:2 |      65 |       0 |   0.0 |      13 |       0 |   0.0
            +---------+---------+-------+---------+---------+-------
